Frizzbo, neutral female gnomish Wizard ------- ######## |/[.[.| #----- # -------------- |?/!.f| ------------ #|...+#####.............| |%G/%.-# ##.........>.| #|<..|# ###|............| |[[[@.|# # |.....^%...| #|...|# ###.............| -------# ### |...........####-...|### |............+ # # --------.--- #-----# .............| # ### # # ### -.------------ # # # # # # # # # # # ##### ## # # # # # #-------|---- ## # -|-+----### #|..........| #-----# |.......# #|..........| #|....# |......|# #|...>......| #....| |.......# #|..........| |...| |{.....|# #-..........| |...| |.......# ------------ ----- -------- Frizzbo the Conjurer Experience level: 3 Strength: 10 Dexterity: 13 Constitution: 15 Intelligence: 19 Wisdom: 11 Charisma: 8 Health: 0(21) Energy: 29(29) Def: 0 Gold: 159 Moves: 739 Dungeon seed: QzfH8Jce-wG6znHW Game ID: Frizzbo_1465921808 Your Inventory: Coins $ - 159 gold pieces Weapons a - a blessed +1 quarterstaff (weapon in hands) Armor e - an uncursed burnt +0 cloak of magic resistance (being worn) Comestibles p - 2 uncursed lichen corpses t - 2 uncursed food rations Scrolls i - an uncursed scroll of identify j - an uncursed scroll of earth o - an uncursed scroll of teleportation Spellbooks k - a blessed spellbook of force bolt l - an uncursed spellbook of jumping q - an uncursed spellbook of turn undead Potions g - 2 uncursed potions of water h - a potion of unholy water r - an uncursed potion of levitation s - a blessed potion of extra healing Rings c - an uncursed ring of searching d - an uncursed ring of invisibility Wands b - an uncursed wand of fire (0:7) Tools m - an uncursed magic marker (0:43) Gems n - an uncursed worthless piece of violet glass Spells and supernatural/magical abilities: Name Level Category Fail Memory a - force bolt 1 attack 0% 97% j - jumping 1 escape 0% 97% W - pray for help -- divine ? -- Your skills at the end: Fighting Skills Weapon Skills quarterstaff [Basic] Spellcasting Skills attack spells [Basic] enchantment spells [Basic] Final Attributes: You were stridently aligned. You were magic-protected. You had infravision. You are dead. Vanquished creatures: a large mimic 4 jackals a fox 2 grid bugs 3 lichens a kobold zombie 2 newts 14 creatures vanquished. Voluntary challenges: You followed a strict vegan diet. You were an atheist. You used a wielded weapon 10 times, starting on turn 30. You read items or engraved 1 time, starting on turn 114. You never genocided any monsters. You never polymorphed an object. You never changed form. You used no wishes. You never split a pudding. You never wrote Elbereth's name. You never violated your personal moral code. Dungeon overview: The Dungeons of Doom: levels 1 to 2 Level 1 a fountain a long staircase Level 2 <- You were here a general store, a fountain a long staircase History has recorded: On T:1 you entered the Dungeons of Doom to retrieve the Amulet of Yendor! On T:448 you reached level 2 of The Dungeons of Doom. On T:483 you advanced to experience level 2. On T:739 you advanced to experience level 3. Score breakdown: Gold: 159 ( 7497 points) Experience: 3 levels ( 7878 points) Exploration: 2 levels ( 4.08%) ( 4330 points) Discoveries: 1 item ( 0.35%) ( 1767 points) Valuables value: (no points given unless you survive) Artifact value: 0 ( 0 points) Variety of kills: 7 monsters ( 1.84%) ( 4066 points) Turncount: 739 turns ( 0 points) Survival: died (score multiplied by 80%) Total score: 20430 Latest messages: You stop exploring. This lichen corpse tastes terrible! You finish eating the lichen corpse. You see here a pear (9 zorkmids). You see here a silver spellbook (710 zorkmids). You see here a chain mail (100 zorkmids). You see here a glass wand (200 zorkmids). You see here a potion of water (6 zorkmids). Wait! That's a large mimic! You hit the large mimic! Widgee eats a tripe ration. You miss the large mimic. You hit the large mimic! The large mimic hits! Widgee picks up a pair of walking shoes. You kill the large mimic! Welcome to experience level 3. The bolt of fire bounces! The bolt of fire hits you! Your cloak smoulders! One of your scrolls of earth catches fire and burns! You die... Adjama gratefully inherits all your possessions. Final status: Goodbye Frizzbo the Wizard, killed by a bolt of fire... You died in The Dungeons of Doom on dungeon level 2 with 20430 points, and 159 pieces of gold, after 739 moves. You were level 3 with a maximum of 21 hit points when you died.